 Dungeon Crawl Stone Soup version 0.31-a0-193-gdfe2569204 (webtiles) character file.

Game seed: 6852703554194744064

137 qw the Skirmisher (level 5, -2/29 HPs)
             Began as a Deep Elf Hunter on June 23, 2023.
             Slain by an iguana (3 damage)
             ... on level 3 of the Dungeon.
             The game lasted 00:00:44 (2011 turns).

qw the Skirmisher (Deep Elf Hunter)                 Turns: 2011, Time: 00:00:45

Health: -2/29      AC:  6    Str: 10    XL:     5   Next: 0%
Magic:  7/7        EV: 11    Int: 14    God:
Gold:   128        SH:  0    Dex: 18    Spells: 4/4 levels left

rFire   . . .        Y - +1 shortbow
rCold   + . .        (shield currently unavailable)
rNeg    . . .        f - +0 ring mail
rPois   .            (no helmet)
rElec   .            l - +0 cloak
rCorr   .            (no gloves)
SInv    .            (no boots)
Will    .....        (no amulet)
Stlth   +            b - ring of protection from cold
HPRegen 0.24/turn    (no ring)
MPRegen 0.10/turn

%: no passive effects
@: no status effects
A: no striking features
a: no special abilities


You were on level 3 of the Dungeon.
You visited 1 branch of the dungeon, and saw 3 of its levels.

You collected 128 gold pieces.


   Skills:
 - Level 1.5 Fighting
 + Level 8.4 Ranged Weapons
 - Level 2.4 Dodging
 - Level 1.2 Stealth


You had 4 spell levels left.
You didn't know any spells.
Your spell library was empty.

Inventory:

Hand Weapons
 Y - a +1 shortbow (weapon)
Armour
 f - a +0 ring mail (worn)
 h - a +0 helmet
 l - a +0 cloak (worn)
Jewellery
 b - a ring of protection from cold (left hand)
Scrolls
 a - 2 scrolls of identify
 e - a scroll of summoning {unknown}
 g - a scroll of poison {unknown}
Potions
 c - a potion of curing {unknown}
 d - 2 potions of resistance

Dungeon Overview and Level Annotations

Branches:
Dungeon (3/15)

Altars:
Qazlal


Message History

You kill the goblin!
You have reached level 5!
You shoot an arrow.
The arrow hits the goblin but does no damage.
A bat comes into view.
The bat moves out of view.
You shoot an arrow. The arrow barely misses the goblin.
The goblin hits you but does no damage.
You shoot an arrow.
The arrow hits the goblin but does no damage.
The goblin hits you but does no damage. The goblin barely misses you.
You shoot an arrow. The arrow hits the iguana.
The iguana is moderately wounded.
The goblin closely misses you. The iguana misses you.
You shoot an arrow. The arrow closely misses the iguana.
The goblin closely misses you.
The iguana bites you but does no damage.
You shoot an arrow. The arrow barely misses the iguana.
The goblin barely misses you. The iguana bites you.
You shoot an arrow.
The arrow hits the iguana but does no damage.
The iguana is moderately wounded.
The goblin hits you but does no damage. The iguana bites you.
You shoot an arrow. The arrow barely misses the iguana.
The iguana bites you!
You shoot an arrow. The arrow closely misses the iguana.
The goblin hits you but does no damage. The iguana bites you!
The goblin hits you but does no damage.
You shoot an arrow. The arrow barely misses the iguana.
The goblin hits you but does no damage. The iguana bites you!
The goblin closely misses you.
You shoot an arrow. The arrow hits the iguana!
The iguana is almost dead.
The iguana bites you but does no damage.
The goblin barely misses you. The goblin closely misses you.
You shoot an arrow.
The arrow hits the iguana but does no damage.
The iguana is almost dead.
The iguana bites you.
You die...

#....#...######)###.#
########.# #)# #+#
#.....# #.## .
#.....# #).# ..
+.....# ##)# ...
#....## #.# ....
###.#..# #)# .....
##...##.# #g#gb....
#.%.....# #@g#
#.##.##.# ##ll.#
#.#...#.## #..#
...._....... #>#
..#...#.#### ##
#.##.##.# ........#
#####.### .#


You could see an iguana, 3 goblins, a bat and a frilled lizard.

Vanquished Creatures
  Jessica (D:3)
  Robin (D:3)
  5 adders
  A dart slug (D:2)
  3 ball pythons (D:1)
  3 endoplasms
  A giant cockroach (D:2)
  13 goblins
  9 hobgoblins
  2 quokkas (D:1)
  2 bats
  4 frilled lizards
  5 kobolds
  3 rats (D:1)
53 creatures vanquished.

Notes
Turn   | Place    | Note
-------+----------+-------------------------------------------
     0 | D:1      | qw the Deep Elf Hunter began the quest for the Orb.
     0 | D:1      | Reached XP level 1. HP: 12/12 MP: 3/3
     0 | D:1      | 0 ||| qw: Version: 0.3-a-9-g12657ce
     0 | D:1      | 0 ||| qw: Game counter: 4602
     0 | D:1      | 0 ||| qw: Always use a shield: true
     0 | D:1      | 0 ||| qw: God list: Okawaru
     0 | D:1      | 0 ||| qw: Allow faded altars: false
     0 | D:1      | 0 ||| qw: Do Orc after D:15 true
     0 | D:1      | 0 ||| qw: Do second Lair branch before Depths: true
     0 | D:1      | 0 ||| qw: Lair rune preference: random
     0 | D:1      | 0 ||| qw: Plans: Normal
     0 | D:1      | 0 ||| PLANNING D:1-11
    68 | D:1      | Reached XP level 2. HP: 14/16 MP: 4/4
    88 | D:1      | Reached skill level 6 in Ranged Weapons
   831 | D:1      | 831 ||| UPGRADING to +0 ring mail.
   841 | D:1      | 841 ||| DROPPING +0 leather armour.
   842 | D:1      | 842 ||| UPGRADING to +0 cloak.
   847 | D:1      | 847 ||| READING 3 scrolls labelled IGHOMIE MYEFY.
   848 | D:1      | 848 ||| READING scroll labelled CAKKUH GOAMASCH.
   849 | D:1      | 849 ||| READING scroll labelled MEXUYFFINGA.
   850 | D:1      | 850 ||| READING scroll labelled HEOKUZUDGHU.
   853 | D:1      | 853 ||| READING scroll labelled DACVANYQYM.
   854 | D:1      | 854 ||| DRINKING 2 murky coppery potions.
   855 | D:1      | 855 ||| DRINKING 2 metallic cyan potions.
   959 | D:1      | 959 ||| DROPPING 2 scrolls of fear.
   960 | D:1      | 960 ||| DROPPING scroll of butterflies.
   961 | D:1      | 961 ||| DROPPING potion of berserk rage.
   986 | D:2      | 986 ||| STAIRDANCE
   992 | D:1      | Reached XP level 3. HP: 20/20 MP: 5/5
  1019 | D:2      | Reached skill level 7 in Ranged Weapons
  1125 | D:2      | Found a stormy altar of Qazlal.
  1521 | D:2      | 1521 ||| UPGRADING to ring of protection from cold.
  1522 | D:2      | 1522 ||| READING 2 scrolls labelled YHYIMATT LOTO.
  1561 | D:3      | Found a faded altar of an unknown god.
  1579 | D:3      | Reached XP level 4. HP: 23/25 MP: 6/6
  1594 | D:3      | Noticed Jessica
  1607 | D:3      | Killed Jessica
  1857 | D:3      | Reached skill level 8 in Ranged Weapons
  1969 | D:3      | Noticed Robin
  1975 | D:3      | Killed Robin
  2000 | D:3      | Reached XP level 5. HP: 29/29 MP: 7/7
  2009 | D:3      | HP: 1/29 [iguana (7)]
  2011 | D:3      | Slain by an iguana

Levels and vault maps discovered:
D:1:      reono_arrival_mine, layout_basic, solitary_fountain
D:2:      layout_rooms, basic_altar, serial_rivers,
          chequers_serial_rivers_micro_a, chequers_serial_rivers_room_b,
          chequers_serial_rivers_micro_d, chequers_serial_rivers_micro_a,
          chequers_serial_rivers_micro_c, chequers_serial_rivers_room_a
D:3:      layout_basic, ebering_ecumenical_altar_box, uniq_robin, uniq_jessica,
          uniq_grinder

Skill      XL: |  1  2  3  4 |
---------------+-------------+-----
Ranged Weapons | 6 7 8 |  8.4
Fighting       | |  1.5
Dodging        | |  2.4
Stealth        | |  1.2

Action                     |  1- 3 |  4- 6 || total
---------------------------+-------+-------++-------
   Fire: Shortbow          |   106 |    61 ||   167
    Use: Scroll            |     6 |       ||     6
         Potion            |     2 |       ||     2
 Armour: Ring mail         |    18 |    11 ||    29
  Dodge: Dodged            |    19 |    11 ||    30

Table legend:
 A = Non-vault XP
 B = Vault XP
 C = Vault XP percentage of total XP
 D = Non-vault monster count
 E = Vault monster count
 F = Vault count percentage of total count
                 A         B        C        D         E       F
            +---------+---------+-------+---------+---------+-------
      Total |     128 |      69 |  35.0 |      42 |      11 |  20.8
            +---------+---------+-------+---------+---------+-------
        D:1 |      48 |       0 |   0.0 |      23 |       0 |   0.0
        D:2 |      42 |       0 |   0.0 |      10 |       0 |   0.0
        D:3 |      38 |      69 |  64.5 |       9 |      11 |  55.0
            +---------+---------+-------+---------+---------+-------
